 Dungeon Crawl Stone Soup version 0.28-a0-691-gad6df49e81 (webtiles) character file.

Game seed: 6511623355237268793

76 Ijustatesigmund the Magician (level 4, -2/34 HPs)
             Began as a Gnoll Wanderer on Oct 21, 2021.
             Killed by nerve-wracking pain
             ... invoked by an orc priest
              (3 damage)
             ... on level 4 of the Dungeon.
             The game lasted 00:05:30 (3467 turns).

Ijustatesigmund the Magician (Gnoll Wanderer)       Turns: 3467, Time: 00:05:31

Health: -2/34      AC:  3    Str: 19    XL:     4   Next: 32%
Magic:  13/13      EV: 11    Int: 11    God:
Gold:   58         SH:  0    Dex: 11    Spells: 16/17 levels left

rFire   . . .      SeeInvis .   a - +2 hand axe
rCold   . . .      Faith    .   (no shield)
rNeg    . . .      Spirit   .   b - +0 robe
rPois   .          Reflect  .   (no helmet)
rElec   .          Harm     .   (no cloak)
rCorr   .          Rampage  .   d - +0 pair of gloves
Will    .....                   (no boots)
Stlth   +.........              (no amulet)
HPRegen 0.11/turn               e - +6 ring of strength
MPRegen 0.13/turn               (no ring)

@: no status effects
A: fangs 1, strong nose, distributed training
a: no special abilities


You were on level 4 of the Dungeon.
You visited 1 branch of the dungeon, and saw 4 of its levels.

You collected 58 gold pieces.

Inventory:

Hand Weapons
 a - a +2 hand axe (weapon)
Missiles
 g - 4 datura-tipped darts (quivered)
Armour
 b - a +0 robe (worn)
 d - a +0 pair of gloves (worn)
Jewellery
 c - a ring of resist corrosion
 e - a +6 ring of strength (left hand)
Potions
 i - a potion of magic


   Skills:
 + Level 2.7 Fighting
 + Level 1.1 Short Blades
 + Level 1.1 Long Blades
 + Level 4.6 Axes
 + Level 1.1 Maces & Flails
 + Level 1.1 Polearms
 + Level 1.1 Staves
 + Level 1.1 Slings
 + Level 1.1 Bows
 + Level 1.1 Crossbows
 + Level 2.7 Throwing
 + Level 1.1 Armour
 + Level 1.1 Dodging
 + Level 1.1 Stealth
 + Level 1.1 Shields
 + Level 1.1 Unarmed Combat
 + Level 7.2 Spellcasting
 + Level 0.8 Conjurations
 + Level 2.2 Hexes
 + Level 0.8 Summonings
 + Level 0.8 Necromancy
 + Level 0.8 Translocations
 + Level 0.8 Transmutations
 + Level 0.8 Fire Magic
 + Level 0.8 Ice Magic
 + Level 0.8 Air Magic
 + Level 2.2 Earth Magic
 + Level 0.8 Poison Magic
 + Level 1.2 Invocations
 + Level 2.7 Evocations


You had 16 spell levels left.
You knew the following spells:

 Your Spells              Type           Power      Damage    Failure   Level
a - Apportation           Tloc           10%        N/A       12%         1

Your spell library contained the following spells:

 Spells                   Type           Power      Damage    Failure   Level
 Corpse Rot               Necr/Air       10%        N/A       19%         2
 Sublimation of Blood     Necr           2%         N/A       19%         2
 Teleport Other           Tloc           5%         N/A       34%         3


Dungeon Overview and Level Annotations

Branches:
Dungeon (4/15)
 Temple: D:4-7

Altars:
Sif Muna

Shops:
D:1 [

Annotations:
D:3 Terence


Innate Abilities, Weirdness & Mutations

You have very sharp teeth.
Your uncanny sense of smell can sniff out nearby items.
Your experience applies equally to all skills.


Message History

The orc priest is lightly wounded.
The orc priest hits you with a +0 club.
You hit the orc priest but do no damage.
The orc priest is lightly wounded.
The orc priest begins to cast a cantrip, but forgets the words!
You completely miss the orc priest.
The orc priest is lightly wounded.
The orc priest hits you with a +0 club.
You barely miss the orc priest.
You bite the orc priest, but do no damage.
The orc priest is lightly wounded.
The orc priest hits you with a +0 club.
* * * LOW HITPOINT WARNING * * *
You hit the orc priest.
The orc priest is heavily wounded.
The orc priest hits you with a +0 club.
* * * LOW HITPOINT WARNING * * *
You barely miss the orc priest.
The orc priest is heavily wounded.
The orc priest barely misses you.
You hit the orc priest but do no damage.
Your bite misses the orc priest.
The orc priest is heavily wounded.
The orc priest hits you with a +0 club.
* * * LOW HITPOINT WARNING * * *
You hit the orc priest.
The orc priest is severely wounded.
The orc priest hits you with a +0 club.
* * * LOW HITPOINT WARNING * * *
You barely miss the orc priest.
The orc priest is severely wounded.
You hear the slow rusting of a distant drain.
The orc priest hits you but does no damage.
You hit the orc priest. Your bite misses the orc priest.
The orc priest is severely wounded.
The orc priest hits you with a +0 club.
* * * LOW HITPOINT WARNING * * *
The orc priest calls down the wrath of Beogh upon you.
Pain shoots through your body!
You die...

#.....####
#.....<..+
##....####
∆ ##..##
#.## ∆ #.#
#.#
#.#########
#)....@o{.#
#########)#
.# .. ∆...
.... ..###
###


You could see an orc priest.

Vanquished Creatures
  An adder (D:3)
  2 worms
  A dart slug (D:2)
  3 orcs
  3 ball pythons
  3 bats
  6 endoplasms
  3 giant cockroaches
  4 hobgoblins
  3 jackals (D:1)
  4 quokkas
  4 frilled lizards
  7 goblins
  5 rats
49 creatures vanquished.

Vanquished Creatures (collateral kills)
  A quokka (D:2)
1 creature vanquished.

Grand Total: 50 creatures vanquished

Notes
Turn   | Place    | Note
-------+----------+-------------------------------------------
     0 | D:1      | Ijustatesigmund the Gnoll Wanderer began the quest for the
                  | Orb.
     0 | D:1      | Ijustatesigmund set off with the following items: a +2 hand
                  | axe, a +0 robe; and the following spell memorised:
                  | Apportation; and the following spells available to
                  | memorise: Corpse Rot, Sublimation of Blood, Teleport Other
     0 | D:1      | Reached XP level 1. HP: 17/17 MP: 8/8
   249 | D:1      | Reached XP level 2. HP: 16/23 MP: 10/10
   565 | D:1      | Found Besirr's Antique Armour Emporium.
   866 | D:1      | Reached XP level 3. HP: 18/28 MP: 11/11
  1686 | D:2      | Found a shimmering blue altar of Sif Muna.
  1751 | D:2      | Reached skill level 1 in Invocations
  2146 | D:3      | Found a shimmering blue altar of Sif Muna.
  2618 | D:3      | Reached skill level 1 in Short Blades
  2618 | D:3      | Reached skill level 1 in Long Blades
  2618 | D:3      | Reached skill level 1 in Maces & Flails
  2618 | D:3      | Reached skill level 1 in Polearms
  2618 | D:3      | Reached skill level 1 in Staves
  2618 | D:3      | Reached skill level 1 in Slings
  2618 | D:3      | Reached skill level 1 in Bows
  2618 | D:3      | Reached skill level 1 in Crossbows
  2618 | D:3      | Reached skill level 1 in Armour
  2618 | D:3      | Reached skill level 1 in Dodging
  2618 | D:3      | Reached skill level 1 in Stealth
  2618 | D:3      | Reached skill level 1 in Shields
  2618 | D:3      | Reached skill level 1 in Unarmed Combat
  2864 | D:3      | Reached XP level 4. HP: 26/34 MP: 13/13
  3177 | D:3      | Noticed Terence
  3422 | D:4      | Noticed a scorpion
  3467 | D:4      | HP: 1/34 [orc priest (2)]
  3467 | D:4      | Killed from afar by an orc priest

Illustrated notes

Levels and vault maps discovered:
D:1:      amcnicky_arrival_gap_in_the_tavern_cellar, layout_loops_cross,
          serial_shops, nicolae_square_shop
D:2:      layout_basic, basic_altar
D:3:      lemuel_castle_with_subvaults [lemuel_castle_interior_carwin_1],
          layout_basic, chequers_temple_overflow_minitemple,
          lemuel_crystal_altar, ebering_ecumenical_altar_ruins,
          small_statue_intersection, uniq_terence
D:4:      layout_loops_corners, kiku_gazebo_garden_becter,
          cheibrodos_sewer_entry_drain, grunt_ministairs_2, uniq_eustachio,
          uniq_natasha

Skill      XL: |  1  2  3 |
---------------+----------+-----
Hexes          | 2 |  2.2
Earth Magic    | 2 |  2.2
Invocations    | 1 |  1.2
Short Blades   | 1 |  1.1
Long Blades    | 1 |  1.1
Maces & Flails | 1 |  1.1
Polearms       | 1 |  1.1
Staves         | 1 |  1.1
Slings         | 1 |  1.1
Bows           | 1 |  1.1
Crossbows      | 1 |  1.1
Armour         | 1 |  1.1
Dodging        | 1 |  1.1
Stealth        | 1 |  1.1
Shields        | 1 |  1.1
Unarmed Combat | 1 |  1.1
Fighting       | |  2.7
Axes           | |  4.6
Throwing       | |  2.7
Spellcasting   | |  7.2
Conjurations   | |  0.8
Summonings     | |  0.8
Necromancy     | |  0.8
Translocations | |  0.8
Transmutations | |  0.8
Fire Magic     | |  0.8
Ice Magic      | |  0.8
Air Magic      | |  0.8
Poison Magic   | |  0.8
Evocations     | |  2.7

Action                   |  1- 3 |  4- 6 || total
-------------------------+-------+-------++-------
Melee: Hand axe          |   105 |    46 ||   151
       Bite              |     5 |     5 ||    10
       Punch             |       |     1 ||     1
Throw: Dart              |     2 |       ||     2
 Cast: Apportation       |     2 |       ||     2
  Use: Scroll            |     5 |     1 ||     6
       Potion            |       |     2 ||     2
 Stab: Sleeping          |     2 |     1 ||     3
       Distracted        |       |     1 ||     1
Armor: Robe              |    21 |     6 ||    27
Dodge: Dodged            |    55 |    19 ||    74

Table legend: (Time is in decaauts)
 A = Elapsed time spent in this place.
 B = Non-inter-level travel time spent in this place.
 C = Inter-level travel time spent in this place.
 D = Time resting spent in this place.
 E = Time spent auto-exploring this place.
 F = Levels seen in this place.
 G = Mean time per level.
                   A        B        C        D        E       F      G
               +--------+--------+--------+--------+--------+-----+--------+
         Total |   3457 |   3419 |     38 |   1514 |   1499 |   4 |  864.2 |
       Dungeon |   3457 |   3419 |     38 |   1514 |   1499 |   4 |  864.2 |
               +--------+--------+--------+--------+--------+-----+--------+

Top non-repeatable levels by time:
     D:2: 1415 daAuts
     D:1: 1150 daAuts
     D:3: 637 daAuts
     D:4: 253 daAuts
